 Dungeon Crawl Stone Soup version 0.14-a0-1653-g0ad7a2c (webtiles) character file.

3327 M4edhros the Covert (level 9, -5/53 HPs)
             Began as an Octopode Artificer on Dec 27, 2013.
             Was a Follower of Kikubaaqudgha.
             Slain by an orc
             ... wielding a +0,+0 great sword
              (12 damage)
             ... on Level 8 of the Dungeon.
             The game lasted 00:32:19 (8820 turns).

M4edhros the Covert (Octopode Artificer)            Turns: 8820, Time: 00:32:19

HP  -5/53        AC  1     Str 11      XL: 9   Next: 87%
MP  18/20        EV 15     Int 17      God: Kikubaaqudgha [*.....]
Gold 282         SH  0     Dex 12      Spells:  5 memorised,  5 levels left

rFire  . . .     SeeInvis .     i - +1 rod of frigid destruction (9/15)
rCold  . . .     Clarity  .     (no shield)
rNeg   + . .     Conserve .     (helmet restricted)
rPois  .         rCorr    .     z - amulet of warding
rElec  .         rRot     .     j - ring of wizardry
SustAb . .       Spirit   .     (no ring)
rMut   .         Warding  +     (no ring)
Saprov . . .     Stasis   .     (no ring)
                                (no ring)
                                (no ring)
                                (no ring)
                                (no ring)

@: very slightly contaminated, quick, slightly resistant to hostile
enchantments, extremely stealthy
A: almost no armour, amphibious, 8 rings, constrict 8, camouflage 1, speed 1,
mutation resistance 1, gelatinous body 1
a: Receive Corpses, Renounce Religion


You were on level 8 of the Dungeon.
You worshipped Kikubaaqudgha.
Kikubaaqudgha was aware of your devotion.
You were not hungry.

You visited 2 branches of the dungeon, and saw 9 of its levels.
You also visited: Ossuary.

You collected 282 gold pieces.

Inventory:

Hand weapons
 q - a +0,+2 spear of dragon slaying
 y - a +1,+5 orcish dagger of holy wrath
 H - a +0,+1 short sword
Magical devices
 b - a wand of flame (0)
 c - a wand of enslavement (0)
 d - a wand of random effects (0)
 u - a wand of flame (0)
Comestibles
 f - 4 bread rations
 g - a chunk of iguana flesh
 p - a chunk of goblin flesh
 r - a choko
 x - 3 chunks of orc flesh
 B - 13 grapes
 D - a chunk of jackal flesh
 F - 2 apples
 G - 3 chunks of orc flesh
Scrolls
 e - 10 scrolls of identify
 k - 3 scrolls of amnesia
 l - 5 scrolls of immolation
 m - 7 scrolls of remove curse
 n - a scroll of fog
 s - 2 scrolls of curse weapon
Jewellery
 j - a ring of wizardry (left tentacle)
 z - an amulet of warding (around mantle)
Potions
 v - 2 potions of might
 w - a potion of restore abilities
Books
 h - Kikubaaqudgha's Collected Works on Unholy Secrets
   (Kikubaaqudgha gifted it to you on level 2 of the Dungeon)

   Spells                             Type                      Level
   *Animate Skeleton                  Necromancy                   1
   Lethal Infusion                    Charms/Necromancy            2
   Corpse Rot                         Necromancy                   2
   Vampiric Draining                  Necromancy                   3
   *Control Undead                    Necromancy                   4
 o - a book of Cantrips

   Spells                             Type                      Level
   *Confusing Touch                   Hexes                        1
   *Animate Skeleton                  Necromancy                   1
   *Summon Small Mammal               Summoning                    1
   Apportation                        Translocation                1
 t - Schel's Grimoire of Conjuration and Flames
   (You found it on level 6 of the Dungeon)

   Spells                             Type                      Level
   Flame Tongue                       Conjuration/Fire             1
   Throw Frost                        Conjuration/Ice              2
   *Bolt of Draining                  Conjuration/Necromancy       5
   Bolt of Fire                       Conjuration/Fire             6
Rods
 i - a +1 rod of frigid destruction (9/15) (weapon)
   (You found it on level 7 of the Dungeon)


   Skills:
 - Level 1.0 Fighting
 - Level 1.0 Short Blades
 - Level 6.5 Dodging
 - Level 12.3 Stealth
 + Level 4.8 Spellcasting
 + Level 5.3 Necromancy
 - Level 3.2 Evocations


You had 5 spell levels left.
You knew the following spells:

 Your Spells              Type           Power        Failure   Level  Hunger
a - Confusing Touch       Hex            #.........   7%          1    None
b - Summon Small Mammal   Summ           #...         7%          1    None
c - Bolt of Draining      Conj/Necr      ##........   75%         5    #####..
d - Animate Skeleton      Necr           N/A          1%          1    None
e - Control Undead        Necr           ###.......   7%          4    ####...


Dungeon Overview and Level Annotations

Branches:
Dungeon (8/16)             Temple (1/1) D:6
   Lair: D:8-11

Altars:
Ashenzari
Cheibriados
Elyvilon
Fedhas
Kikubaaqudgha
Makhleb
Nemelex Xobeh
Okawaru
Sif Muna
Trog
Vehumet
Xom
Yredelemnul
Zin
the Shining One

Shops:
D:4 [   D:5 /   D:7 !

Annotations:
D:7 exclusion: killer bee


Innate Abilities, Weirdness & Mutations

You cannot wear most types of armour.
You are amphibious.
You can wear up to eight rings at the same time.
You can use your tentacles to constrict many enemies at once.
Your skin changes colour to match your surroundings (Stlth).
Your rubbery body absorbs attacks (AC +1).
You cover ground quickly.
You are somewhat resistant to further mutation.


Message History

Casting: Animate Skeleton
Confirm with . or Enter, or press ? or * to list all spells.
Okay, then.
Drink which item? (? for menu, Esc to quit)
Okay, then.
Read which item? (? for menu, Esc to quit)
Okay, then.
Evoke which item? (* to show all) (? for menu, Esc to quit)
Okay, then.
Wield which item (- for none, * to show all)? (? for menu, Esc to quit)
Your +1,+5 orcish dagger of holy wrath stops glowing.
i - a +1 rod of frigid destruction (8/15) (weapon)
Evoke which spell from the rod ([a-c] spell [?*] list)?
Aiming: Freezing Cloud
Press: ? - help, Dir - move target cursor
Okay, then.
The orc shouts!
The orc hits you with a great sword!
You die...
Kikubaaqudgha rasps: "You have failed me!
Welcome... death!"

≈≈≈≈≈ ##### #..)#
###############.).#
#.....z..'....#z###
######o###....#)#
.oooo§oo.#!#))))#)#
oo§o).).#?##'###z#
........#$#o@.%.%#
.§.)....+.#..oo%%#
###############.#
#.# ....oo.'.#
......#'# ###### .o
.. ##


You could see an orc warrior, 2 orcs and a friendly orc skeleton.

Vanquished Creatures
  An orc sorcerer (D:8)
  Psyche (D:8)
  2 hippogriffs
  Menkaure (D:5)
  2 orc warriors (D:8)
  3 sky beasts
  An ice beast (D:6)
  A phantom (D:8)
  The ghost of Yermak the Sneak, an average SpEn (D:6)
  An ogre (D:6)
  Sigmund (D:2)
  3 giant frogs
  A jelly (D:5)
  2 crimson imps (D:5)
  A centaur zombie (Ossuary)
  2 hounds
  2 giant frog zombies
  2 scorpions
  3 iguanas
  3 orc wizards
  7 worker ants
  An ogre zombie (D:8)
  2 big kobold zombies (Ossuary)
  Jessica (D:2)
  4 mummies (Ossuary)
  A hound skeleton (D:6)
  4 gnolls (D:5)
  9 adders
  An inept item mimic (D:5)
  2 giant mites
  A giant eyeball (D:8)
  An ooze (D:2)
  23 orcs
  5 giant cockroaches
  6 goblins
  18 hobgoblins
  9 kobolds
  6 quokkas
  8 bats
  3 giant newts
  A giant spore (D:8)
  A goblin skeleton (D:4)
  A goblin zombie (Ossuary)
  5 jackals
  A kobold skeleton (D:4)
  3 kobold zombies
  An orc skeleton (D:5)
  4 orc zombies
  11 rats
174 creatures vanquished.

Vanquished Creatures (collateral kills)
  An orc warrior (D:8)
  A mummy (Ossuary)
  An orc (D:8)
  A giant cockroach (D:4)
  A jackal (D:4)
5 creatures vanquished.

Vanquished Creatures (others)
  A quasit (D:5)
  3 orc skeletons (D:8)
  An iguana skeleton (D:8)
  A bat skeleton (D:8)
  A goblin skeleton (D:8)
  A hobgoblin skeleton (D:8)
  A jackal skeleton (D:8)
  A kobold skeleton (D:8)
  2 rat skeletons (D:8)
  4 plants (D:8)
16 creatures vanquished.

Grand Total: 195 creatures vanquished

Notes
Turn   | Place    | Note
--------------------------------------------------------------
     0 | D:1      | M4edhros, the Octopode Artificer, began the quest for the Orb.
     0 | D:1      | Reached XP level 1. HP: 13/13 MP: 1/1
   154 | D:2      | Reached XP level 2. HP: 18/18 MP: 3/3
   637 | D:4      | Reached skill level 4 in Stealth
   669 | D:4      | Reached XP level 3. HP: 11/23 MP: 4/4
   990 | D:4      | Reached skill level 5 in Stealth
   990 | D:4      | Reached XP level 4. HP: 28/28 MP: 6/6
  1032 | D:4      | Found Keiris' Antique Armour Boutique.
  1069 | D:4      | Learned a level 1 spell: Confusing Touch
  1071 | D:4      | Learned a level 1 spell: Summon Small Mammal
  1089 | D:4      | Reached skill level 6 in Stealth
  1185 | D:4      | Reached XP level 5. HP: 23/33 MP: 7/7
  1307 | D:4      | Reached skill level 7 in Stealth
  1471 | D:5      | Entered Level 5 of the Dungeon
  1474 | D:5      | Noticed Menkaure
  1848 | D:5      | Reached skill level 8 in Stealth
  1888 | D:5      | Found an iron altar of Okawaru.
  1895 | D:5      | Reached XP level 6. HP: 38/38 MP: 9/9
  2070 | D:5      | Reached skill level 9 in Stealth
  2607 | D:5      | Reached skill level 10 in Stealth
  2853 | D:5      | Paralysed by a potion of paralysis for 4 turns
  2909 | D:5      | Killed Menkaure
  2909 | D:5      | Reached XP level 7. HP: 43/43 MP: 10/10
  3106 | D:5      | Reached skill level 11 in Stealth
  3376 | D:5      | Found Suapra's Magical Wand Emporium.
  3449 | D:6      | Noticed Yermak's ghost (average SpEn)
  3456 | D:6      | Killed Yermak's ghost
  3700 | D:6      | Noticed a hippogriff
  3715 | D:6      | Found a bloodstained altar of Trog.
  3737 | D:6      | Killed a hippogriff
  3737 | D:6      | Reached skill level 12 in Stealth
  3737 | D:6      | Reached XP level 8. HP: 31/48 MP: 12/12
  3881 | D:6      | Identified Schel's Grimoire of Conjuration and Flames
  3888 | D:6      | Learned a level 5 spell: Bolt of Draining
  4054 | D:6      | Found a sand-covered staircase.
  4062 | Ossuary  | Entered an ossuary
  4200 | Ossuary  | Gained mutation: You are somewhat resistant to further mutation. [potion of beneficial mutation]
  4634 | D:6      | Found a staircase to the Ecumenical Temple.
  4685 | D:6      | Reached skill level 5 in Dodging
  5165 | Temple   | Entered the Ecumenical Temple
  5207 | Temple   | Became a worshipper of Kikubaaqudgha
  5546 | D:1      | Found a shimmering altar of Xom.
  5560 | D:1      | Found a shimmering altar of Xom.
  5621 | D:1      | Found a shimmering altar of Xom.
  5622 | D:1      | Found a shimmering altar of Xom.
  5622 | D:1      | Found a shimmering altar of Xom.
  5623 | D:1      | Found a shimmering altar of Xom.
  5623 | D:1      | Found a shimmering altar of Xom.
  5880 | D:2      | Noticed Sigmund
  5888 | D:2      | Killed Sigmund
  5899 | D:2      | Noticed Jessica
  5902 | D:2      | Killed Jessica
  6555 | D:2      | Acquired Kikubaaqudgha's first power
  6555 | D:2      | Received a gift from Kikubaaqudgha
  6556 | D:2      | Identified Kikubaaqudgha's Collected Works on Unholy Secrets (Kikubaaqudgha gifted it to you on level 2 of the Dungeon)
  7391 | D:6      | Learned a level 1 spell: Animate Skeleton
  7649 | D:7      | Reached skill level 1 in Spellcasting
  7764 | D:7      | Reached skill level 1 in Necromancy
  7764 | D:7      | Reached XP level 9. HP: 48/53 MP: 13/13
  7780 | D:7      | Gained mutation: You cover ground quickly. [potion of mutation]
  7799 | D:7      | Found Qiucir's Distillery.
  7819 | D:7      | Identified a +0 rod of frigid destruction (13/13) (You found it on level 7 of the Dungeon)
  8137 | D:8      | Learned a level 4 spell: Control Undead
  8337 | D:8      | Noticed Psyche
  8358 | D:8      | Killed Psyche
  8734 | D:8      | Noticed an orc knight
  8734 | D:8      | Noticed an orc sorcerer
  8739 | D:8      | Killed an orc sorcerer
  8739 | D:8      | Reached skill level 5 in Necromancy
  8756 | D:8      | Noticed an orc knight
  8820 | D:8      | Slain by an orc

Action                   |  1- 3 |  4- 6 |  7- 9 || total
-------------------------+-------+-------+-------++-------
Melee: Short sword       |    35 |   109 |   156 ||   300
       Dagger            |       |       |    87 ||    87
       Rod               |       |       |     4 ||     4
       Unarmed           |       |       |     3 ||     3
 Cast: Confusing Touch   |       |     1 |    17 ||    18
       Animate Skeleton  |       |       |    12 ||    12
       Control Undead    |       |       |     1 ||     1
Invok: Receive Corpses   |       |       |     6 ||     6
Evoke: Wand              |     9 |    12 |    37 ||    58
       Rod               |       |       |    10 ||    10
  Use: Potion            |       |     6 |    21 ||    27
       Scroll            |       |       |    18 ||    18
 Stab: Sleeping          |     5 |     9 |    41 ||    55
       Distracted        |       |       |     1 ||     1
       Confused          |       |       |     1 ||     1
